BSA
MAUI TROPICS @ NEVADA NOISE
05/05/2030
 
TOP OF THE 1ST
Maui Tropics batting - Pitching for Nevada Noise : RHP José López
Pitching: RHP José López
Batting: LHB Warren Potter 0-0: Foul Ball, location: 2F
0-1: Called Strike
0-2: SINGLE (Flyball, 8RS)
Batting: LHB Dave Cook 0-0: Called Strike
0-1: Ball
1-1: Grounds into double play, 1-6-3 (Groundball, 13)
Batting: RHB Jesús Espinoza 0-0: Ball
1-0: Ball
2-0: Ball
3-0: Fly out, F8 (Line Drive, 8LM)
Top of the 1st over - 0 runs, 1 hit, 0 errors, 0 left on base; Maui 0 - Nevada 0
BOTTOM OF THE 1ST
Nevada Noise batting - Pitching for Maui Tropics : RHP Júlio González
Pitching: RHP Júlio González
Batting: RHB Fernando Gálvez 0-0: Ball
1-0: Swinging Strike
1-1: Ball
2-1: Swinging Strike
2-2: Ground out 4-3 (Groundball, 4)
Batting: LHB Pablo Reyes 0-0: Ball
1-0: Called Strike
1-1: Foul Ball, location: 2F
1-2: Strikes out swinging
Batting: LHB Greg Nelson 0-0: Swinging Strike
0-1: Called Strike
0-2: DOUBLE (Line Drive, 89XD)
Batting: LHB Milton Watson 0-0: Ball
1-0: Ball
2-0: Foul Ball, location: 2F
2-1: Ball
3-1: Base on Balls
Batting: SHB Nate Rhodes 0-0: Ball
1-0: Ball
2-0: Ball
3-0: Called Strike
3-1: 3-RUN HOME RUN (Flyball, 9LD), Distance : 387 ft
Batting: RHB Iván Gonzáles 0-0: Ball
1-0: SINGLE (Flyball, 8LS)
Batting: RHB José Aguilera 0-0: Ball
1-0: Called Strike
1-1: Ball
2-1: Ground out 2-3 (Groundball, 2R)
Bottom of the 1st over - 3 runs, 3 hits, 0 errors, 1 left on base; Maui 0 - Nevada 3
TOP OF THE 2ND
Maui Tropics batting - Pitching for Nevada Noise : RHP José López
Batting: RHB Luis Alou 0-0: Foul Ball, location: 2F
0-1: Swinging Strike
0-2: Foul Ball, location: 2F
0-2: Strikes out swinging
Batting: LHB Luis Antonio Torres 0-0: Called Strike
0-1: Swinging Strike
0-2: Ball
1-2: SINGLE (Groundball, 3D)
Batting: RHB José Rodríguez 0-0: Ball
1-0: Ball
2-0: Fly out, F7 (Flyball, 7LSF)
Batting: RHB Michael Woodruff 0-0: Foul Ball, location: 2F
0-1: Called Strike
0-2: Strikes out swinging
Top of the 2nd over - 0 runs, 1 hit, 0 errors, 1 left on base; Maui 0 - Nevada 3
BOTTOM OF THE 2ND
Nevada Noise batting - Pitching for Maui Tropics : RHP Júlio González
Batting: SHB Derek Roach 0-0: Ball
1-0: Ground out 1-3 (Groundball, 13)
Batting: RHB Bill Mark 0-0: Ball
1-0: Foul Ball, location: 2F
1-1: Ball
2-1: Foul Ball, location: 2F
2-2: Fly out, F6 (Line Drive, 6)
Batting: RHB Fernando Gálvez 0-0: Called Strike
0-1: Ball
1-1: Swinging Strike
1-2: Strikes out looking
Bottom of the 2nd over - 0 runs, 0 hits, 0 errors, 0 left on base; Maui 0 - Nevada 3
TOP OF THE 3RD
Maui Tropics batting - Pitching for Nevada Noise : RHP José López
Batting: RHB Matt Silver 0-0: Called Strike
0-1: Foul Ball, location: 2F
0-2: Ground out 6-3 (Groundball, 6)
Batting: RHB John Brown 0-0: Foul Ball, location: 2F
0-1: SINGLE (Groundball, 56D)
Batting: LHB Warren Potter 0-0: Called Strike
0-1: Foul Ball, location: 2F
0-2: Ball
1-2: Foul Ball, location: 2F
1-2: Fielders Choice at 2nd, 6-4 (Groundball, 56)
Batting: LHB Dave Cook 0-0: 2-RUN HOME RUN (Line Drive, 9LD), Distance : 395 ft
Batting: RHB Jesús Espinoza 0-0: Called Strike
0-1: Ball
1-1: Ball
2-1: Foul Ball, location: 2F
2-2: Foul Ball, location: 2F
2-2: Ball
3-2: Strikes out swinging
Top of the 3rd over - 2 runs, 2 hits, 0 errors, 0 left on base; Maui 2 - Nevada 3
BOTTOM OF THE 3RD
Nevada Noise batting - Pitching for Maui Tropics : RHP Júlio González
Batting: LHB Pablo Reyes 0-0: Called Strike
0-1: Called Strike
0-2: Strikes out swinging, 2-3 out at first.
Batting: LHB Greg Nelson 0-0: Ground out 4-3 (Groundball, 4)
Batting: LHB Milton Watson 0-0: Ball
1-0: Ball
2-0: Ball
3-0: Called Strike
3-1: Called Strike
3-2: Strikes out looking
Bottom of the 3rd over - 0 runs, 0 hits, 0 errors, 0 left on base; Maui 2 - Nevada 3
TOP OF THE 4TH
Maui Tropics batting - Pitching for Nevada Noise : RHP José López
Batting: RHB Luis Alou 0-0: Ball
1-0: SOLO HOME RUN (Flyball, 78XD), Distance : 415 ft
Batting: LHB Luis Antonio Torres 0-0: Ball
1-0: Ball
2-0: SINGLE (Line Drive, 4D)
Batting: RHB José Rodríguez 0-0: Foul Ball, location: 2F
0-1: Swinging Strike
0-2: Ball
1-2: Strikes out swinging
Batting: RHB Michael Woodruff 0-0: Swinging Strike
0-1: Foul Ball, location: 2F
0-2: Foul Ball, location: 2F
0-2: Strikes out looking
Batting: RHB Matt Silver 0-0: Foul Ball, location: 2F
0-1: Ball
1-1: Swinging Strike
1-2: DOUBLE (Groundball, 5L)
Luis Antonio Torres to third
Batting: RHB John Brown 0-0: Ball
1-0: Swinging Strike
1-1: Ball
2-1: Called Strike
2-2: Foul Ball, location: 2F
2-2: Fly out, F8 (Flyball, 8RS)
Top of the 4th over - 1 run, 3 hits, 0 errors, 2 left on base; Maui 3 - Nevada 3
BOTTOM OF THE 4TH
Nevada Noise batting - Pitching for Maui Tropics : RHP Júlio González
Batting: SHB Nate Rhodes 0-0: Called Strike
0-1: Foul Ball, location: 2F
0-2: Ball
1-2: Ball
2-2: Ground out 1-3 (Groundball, P)
Batting: RHB Iván Gonzáles 0-0: Called Strike
0-1: Foul Ball, location: 2F
0-2: Ground out 4-3 (Groundball, 4)
Batting: RHB José Aguilera 0-0: Foul Ball, location: 2F
0-1: Called Strike
0-2: Ground out 6-3 (Groundball, 6S)
Bottom of the 4th over - 0 runs, 0 hits, 0 errors, 0 left on base; Maui 3 - Nevada 3
TOP OF THE 5TH
Maui Tropics batting - Pitching for Nevada Noise : RHP José López
Batting: LHB Warren Potter 0-0: Called Strike
0-1: Fly out, F9 (Flyball, 9S)
Batting: LHB Dave Cook 0-0: Called Strike
0-1: Ball
1-1: SINGLE (Groundball, 4) (infield hit)
Batting: RHB Jesús Espinoza 0-0: Ball
1-0: Ball
2-0: Grounds into double play, 6-4-3 (Groundball, 6)
Top of the 5th over - 0 runs, 1 hit, 0 errors, 0 left on base; Maui 3 - Nevada 3
BOTTOM OF THE 5TH
Nevada Noise batting - Pitching for Maui Tropics : RHP Júlio González
Batting: SHB Derek Roach 0-0: Ball
1-0: Ball
2-0: Ball
3-0: Called Strike
3-1: Base on Balls
Batting: RHB Bill Mark 0-0: Ball
1-0: Foul Ball, location: 2F
1-1: Ball
2-1: Fly out, F9 (Line Drive, 8RS)
Batting: RHB Fernando Gálvez 0-0: Ball
1-0: Called Strike
1-1: Grounds into double play, 4-6-3 (Groundball, 34)
Bottom of the 5th over - 0 runs, 0 hits, 0 errors, 0 left on base; Maui 3 - Nevada 3
TOP OF THE 6TH
Maui Tropics batting - Pitching for Nevada Noise : RHP José López
Batting: RHB Luis Alou 0-0: Swinging Strike
0-1: Swinging Strike
0-2: Foul Ball, location: 2F
0-2: Foul Ball, location: 2F
0-2: Strikes out looking
Batting: LHB Luis Antonio Torres 0-0: Fly out, F7 (Line Drive, 78M)
Batting: RHB José Rodríguez 0-0: Foul Ball, location: 2F
0-1: Called Strike
0-2: Fly out, F7 (Line Drive, 7)
Top of the 6th over - 0 runs, 0 hits, 0 errors, 0 left on base; Maui 3 - Nevada 3
BOTTOM OF THE 6TH
Nevada Noise batting - Pitching for Maui Tropics : RHP Júlio González
Batting: LHB Pablo Reyes 0-0: Ball
1-0: Foul Ball, location: 2F
1-1: DOUBLE (Line Drive, 7LD)
Batting: LHB Greg Nelson 0-0: Intentional Walk
Batting: LHB Milton Watson 0-0: SINGLE (Groundball, 4MD)
Pablo Reyes to third
Greg Nelson to second
Batting: SHB Nate Rhodes 0-0: Fielders Choice at 2nd, 3-6 (Groundball, 34)
Pablo Reyes scores
Greg Nelson to third
Batting: RHB Iván Gonzáles 0-0: Ball
1-0: Foul Ball, location: 2F
1-1: Ball
2-1: Ball
3-1: Base on Balls
Nate Rhodes to second
Batting: RHB José Aguilera 0-0: Ball
1-0: Foul Ball, location: 2F
1-1: Foul Ball, location: 2F
1-2: Ball
2-2: Ball
3-2: Fly out, F4 (Line Drive, 4)
Lined into DP, 4-3 (Line Drive, 4)
Bottom of the 6th over - 1 run, 2 hits, 0 errors, 2 left on base; Maui 3 - Nevada 4
TOP OF THE 7TH
Maui Tropics batting - Pitching for Nevada Noise : RHP José López
Batting: RHB Michael Woodruff 0-0: Called Strike
0-1: Foul Ball, location: 2F
0-2: Ball
1-2: Fly out, F9 (Flyball, 9LMF)
Batting: RHB Matt Silver 0-0: Called Strike
0-1: SINGLE (Line Drive, 78S)
Pinch Hitting: LHB Ernesto López 0-0: Ball
1-0: Called Strike
1-1: Ball
2-1: SINGLE (Line Drive, 8LS)
Matt Silver to second
Batting: LHB Warren Potter 0-0: Ball
1-0: Ball
2-0: Ball
3-0: Base on Balls
Matt Silver to third
Ernesto López to second
Batting: LHB Dave Cook 0-0: GRAND SLAM HOME RUN (Flyball, 9LD), Distance : 379 ft
Pitching: RHP Arthur López
Batting: RHB Jesús Espinoza 0-0: SINGLE (Groundball, 34D)
Batting: RHB Luis Alou 0-0: Ball
1-0: Called Strike
1-1: Foul Ball, location: 2F
1-2: Strikes out swinging
Pitching: LHP Miguel Galván
Batting: LHB Luis Antonio Torres 0-0: Swinging Strike
0-1: Ball
1-1: Swinging Strike
1-2: Fly out, F7 (Flyball, 78M)
Top of the 7th over - 4 runs, 4 hits, 0 errors, 1 left on base; Maui 7 - Nevada 4
BOTTOM OF THE 7TH
Nevada Noise batting - Pitching for Maui Tropics : RHP Júlio González
Now at 2B: Reynaldo Slomp
Batting: SHB Derek Roach 0-0: Called Strike
0-1: Ball
1-1: Ground out 3-1 (Groundball, 34S)
Batting: RHB Bill Mark 0-0: Ball
1-0: Called Strike
1-1: Ball
2-1: Ball
3-1: Foul Ball, location: 2F
3-2: Fly out, F1 (Line Drive, 15)
Batting: RHB Fernando Gálvez 0-0: Ball
1-0: Fly out, F8 (Flyball, 8LS)
Bottom of the 7th over - 0 runs, 0 hits, 0 errors, 0 left on base; Maui 7 - Nevada 4
TOP OF THE 8TH
Maui Tropics batting - Pitching for Nevada Noise : LHP Miguel Galván
Pitching: RHP Carl Henry
Batting: RHB José Rodríguez 0-0: Ball
1-0: Called Strike
1-1: Called Strike
1-2: Strikes out swinging
Batting: RHB Michael Woodruff 0-0: Called Strike
0-1: Swinging Strike
0-2: Strikes out swinging
Batting: RHB Matt Silver 0-0: Ball
1-0: SINGLE (Line Drive, 4D)
Batting: RHB Reynaldo Slomp 0-0: Ball
1-0: Swinging Strike
1-1: Foul Ball, location: 2F
1-2: Ball
2-2: Strikes out swinging
Top of the 8th over - 0 runs, 1 hit, 0 errors, 1 left on base; Maui 7 - Nevada 4
BOTTOM OF THE 8TH
Nevada Noise batting - Pitching for Maui Tropics : RHP Júlio González
Batting: LHB Pablo Reyes 0-0: Called Strike
0-1: Foul Ball, location: 2F
0-2: SOLO HOME RUN (Flyball, 9LD), Distance : 370 ft
Pitching: RHP Archie Summers
Batting: LHB Greg Nelson 0-0: Ball
1-0: Foul Ball, location: 2F
1-1: SOLO HOME RUN (Flyball, 7LD), Distance : 394 ft
Batting: LHB Milton Watson 0-0: Foul Ball, location: 2F
0-1: Called Strike
0-2: Ball
1-2: Ground out 4-3 (Groundball, 34D)
Batting: SHB Nate Rhodes 0-0: Swinging Strike
0-1: Ball
1-1: SINGLE (Groundball, 4MD)
Batting: RHB Iván Gonzáles 0-0: Called Strike
0-1: Grounds into double play, 6-4-3 (Groundball, 6M)
Bottom of the 8th over - 2 runs, 3 hits, 0 errors, 0 left on base; Maui 7 - Nevada 6
TOP OF THE 9TH
Maui Tropics batting - Pitching for Nevada Noise : RHP Carl Henry
Batting: LHB Warren Potter 0-0: Called Strike
0-1: Ball
1-1: SINGLE (Groundball, 56D)
Batting: LHB Dave Cook 0-0: Swinging Strike
0-1: Called Strike
0-2: Ball
1-2: Foul Ball, location: 2F
1-2: Ball
2-2: Ball
3-2: Foul Ball, location: 2F
3-2: Foul Ball, location: 2F
3-2: Base on Balls
Warren Potter to second
Batting: RHB Jesús Espinoza 0-0: Ball
1-0: Foul Ball, location: 2F
1-1: Foul Ball, location: 2F
1-2: Fly out, F8 (Line Drive, 8LS)
Batting: RHB Luis Alou 0-0: Ball
1-0: Fly out, F7 (Line Drive, 78D)
Batting: LHB Luis Antonio Torres 0-0: Ground out 1-3 (Groundball, 13S)
Top of the 9th over - 0 runs, 1 hit, 0 errors, 2 left on base; Maui 7 - Nevada 6
BOTTOM OF THE 9TH
Nevada Noise batting - Pitching for Maui Tropics : RHP Archie Summers
Batting: RHB José Aguilera 0-0: Ball
1-0: Called Strike
1-1: Foul Ball, location: 2F
1-2: Foul Ball, location: 2F
1-2: SINGLE (Line Drive, 56D)
Batting: SHB Derek Roach 0-0: Bunted foul
0-1: Sac Bunt - play at first, batter OUT! 5-4
José Aguilera to second
Pinch Hitting: RHB Luis Cruz 0-0: Foul Ball, location: 2F
0-1: Ball
1-1: Ball
2-1: Called Strike
2-2: Ball
Wild Pitch!
José Aguilera to third
3-2: Fly out, F8 (Flyball, 8LM)
Runner from 3rd tags up, SCORES, throw made
Batting: RHB Fernando Gálvez 0-0: Foul Ball, location: 2F
0-1: Ball
1-1: Ball
2-1: Ground out 5-3 (Groundball, 56)
Bottom of the 9th over - 1 run, 1 hit, 0 errors, 0 left on base; Maui 7 - Nevada 7
TOP OF THE 10TH
Maui Tropics batting - Pitching for Nevada Noise : RHP Carl Henry
Now at SS: Jim Tracy
Batting: RHB José Rodríguez 0-0: Foul Ball, location: 2F
0-1: Swinging Strike
0-2: Strikes out swinging
Batting: RHB Michael Woodruff 0-0: Fly out, F8 (Flyball, 8RXD)
Batting: RHB Matt Silver 0-0: Called Strike
0-1: Called Strike
0-2: Foul Ball, location: 2F
0-2: Ball
1-2: Ball
2-2: Ball
3-2: Fly out, F5 (Popup, 5SF)
Top of the 10th over - 0 runs, 0 hits, 0 errors, 0 left on base; Maui 7 - Nevada 7
BOTTOM OF THE 10TH
Nevada Noise batting - Pitching for Maui Tropics : RHP Archie Summers
Pitching: RHP César Rúbio
Batting: LHB Pablo Reyes 0-0: Ground out 3-1 (Groundball, 34)
Batting: LHB Greg Nelson 0-0: Called Strike
0-1: Ball
1-1: DOUBLE (Line Drive, 78D)
Batting: LHB Milton Watson 0-0: Intentional Walk
Batting: SHB Nate Rhodes 0-0: Called Strike
0-1: Foul Ball, location: 2F
0-2: Ball
1-2: Ball
2-2: Foul Ball, location: 2F
2-2: Grounds into double play, 6-4-3 (Groundball, 6)
Bottom of the 10th over - 0 runs, 1 hit, 0 errors, 1 left on base; Maui 7 - Nevada 7
TOP OF THE 11TH
Maui Tropics batting - Pitching for Nevada Noise : RHP Carl Henry
Batting: RHB Reynaldo Slomp 0-0: Called Strike
0-1: Ball
1-1: Foul Ball, location: 2F
1-2: Ball
2-2: Foul Ball, location: 2F
2-2: Ground out U3 (Groundball, 34)
Batting: LHB Warren Potter 0-0: Called Strike
0-1: Ball
1-1: Foul Ball, location: 2F
1-2: Ground out 6-3 (Groundball, 6)
Batting: LHB Dave Cook 0-0: DOUBLE (Flyball, 8RXD)
Batting: RHB Jesús Espinoza 0-0: Called Strike
0-1: Ball
1-1: SINGLE (Line Drive, 4MD)
Dave Cook to third
Batting: RHB Luis Alou 0-0: Called Strike
0-1: Ball
1-1: Foul Ball, location: 2F
1-2: Strikes out swinging
Top of the 11th over - 0 runs, 2 hits, 0 errors, 2 left on base; Maui 7 - Nevada 7
BOTTOM OF THE 11TH
Nevada Noise batting - Pitching for Maui Tropics : RHP César Rúbio
Batting: RHB Iván Gonzáles 0-0: Ball
1-0: Ball
2-0: Foul Ball, location: 2F
2-1: Swinging Strike
2-2: Ball
3-2: Base on Balls
Batting: RHB José Aguilera 0-0: Sac Bunt - play at first, batter OUT! 5-4
Iván Gonzáles to second
Batting: SHB Derek Roach 0-0: Called Strike
0-1: Swinging Strike
0-2: Ball
1-2: Ball
2-2: Ball
3-2: Strikes out swinging
Batting: RHB Jim Tracy 0-0: Called Strike
0-1: Fly out, F7 (Flyball, 7LS)
Bottom of the 11th over - 0 runs, 0 hits, 0 errors, 1 left on base; Maui 7 - Nevada 7
TOP OF THE 12TH
Maui Tropics batting - Pitching for Nevada Noise : RHP Carl Henry
Batting: LHB Luis Antonio Torres 0-0: Ball
1-0: Ball
2-0: Ball
3-0: Called Strike
3-1: Fly out, F9 (Flyball, 9S)
Batting: RHB José Rodríguez 0-0: Ball
1-0: Fly out, F4 (Popup, 4S)
Batting: RHB Michael Woodruff 0-0: Ball
1-0: Called Strike
1-1: Swinging Strike
1-2: Strikes out swinging
Top of the 12th over - 0 runs, 0 hits, 0 errors, 0 left on base; Maui 7 - Nevada 7
BOTTOM OF THE 12TH
Nevada Noise batting - Pitching for Maui Tropics : RHP César Rúbio
Batting: RHB Fernando Gálvez 0-0: Called Strike
0-1: Swinging Strike
0-2: Foul Ball, location: 2F
0-2: Strikes out swinging
Batting: LHB Pablo Reyes 0-0: Fly out, F8 (Flyball, 8RXD)
Batting: LHB Greg Nelson 0-0: Ball
1-0: Fly out, F8 (Flyball, 8RD)
Bottom of the 12th over - 0 runs, 0 hits, 0 errors, 0 left on base; Maui 7 - Nevada 7
TOP OF THE 13TH
Maui Tropics batting - Pitching for Nevada Noise : RHP Carl Henry
Batting: RHB Matt Silver 0-0: Ball
1-0: Fly out, F7 (Flyball, 78M)
Batting: RHB Reynaldo Slomp 0-0: Ball
1-0: Called Strike
1-1: Fly out, F9 (Flyball, 9)
Batting: LHB Warren Potter 0-0: Ball
1-0: Ball
2-0: Foul Ball, location: 2F
2-1: SINGLE (Line Drive, 6D)
Batting: LHB Dave Cook 0-0: Ball
Wild Pitch!
Warren Potter to second
1-0: Ball
2-0: Ball
3-0: Base on Balls
Batting: RHB Jesús Espinoza 0-0: Called Strike
0-1: Ball
1-1: Called Strike
1-2: 3-RUN HOME RUN (Flyball, 7D), Distance : 389 ft
Pitching: LHP Takeo Nakano
Batting: RHB Luis Alou 0-0: Swinging Strike
0-1: Swinging Strike
0-2: SINGLE (Line Drive, 9S)
Batting: LHB Luis Antonio Torres 0-0: Ball
1-0: SINGLE (Line Drive, 89S)
Luis Alou to second
Batting: RHB José Rodríguez 0-0: DOUBLE (Flyball, 78XD)
Luis Alou scores
Luis Antonio Torres to third
Batting: RHB Michael Woodruff 0-0: 3-RUN HOME RUN (Flyball, 9LD), Distance : 377 ft
Batting: RHB Matt Silver 0-0: Called Strike
0-1: Ball
1-1: Fly out, F7 (Flyball, 7D)
Top of the 13th over - 7 runs, 6 hits, 0 errors, 0 left on base; Maui 14 - Nevada 7
BOTTOM OF THE 13TH
Nevada Noise batting - Pitching for Maui Tropics : RHP César Rúbio
Batting: LHB Milton Watson 0-0: Called Strike
0-1: SINGLE (Flyball, 89S)
Batting: SHB Nate Rhodes 0-0: Ball
1-0: Called Strike
1-1: Foul Ball, location: 2F
1-2: Ball
2-2: Ball
3-2: Fly out, F8 (Flyball, 8LM)
Batting: RHB Iván Gonzáles 0-0: Fly out, F3 (Popup, 3L)
Batting: RHB José Aguilera 0-0: Called Strike
0-1: Ball
1-1: Called Strike
1-2: Ball
2-2: Ball
3-2: Base on Balls
Milton Watson to second
Batting: SHB Derek Roach 0-0: Ball
1-0: Ball
2-0: Foul Ball, location: 2F
2-1: Ball
3-1: DOUBLE (Flyball, 89D)
Milton Watson scores
José Aguilera to third
Batting: RHB Jim Tracy 0-0: Ball
1-0: Called Strike
1-1: Foul Ball, location: 2F
1-2: Ball
2-2: Foul Ball, location: 2F
2-2: Ball
3-2: Ground out 4-3 (Groundball, 4)
Bottom of the 13th over - 1 run, 2 hits, 0 errors, 2 left on base; Maui 14 - Nevada 8
Saturday, April 7th, 2018 - OOTP Baseball 18.8 Build 76